 Dungeon Crawl Stone Soup version 0.29-a0-418-gc0181ea820 (webtiles) character file.

Game seed: 6446169663279314335

177 Ijustatesigmund the Firebug (level 5, -2/37 HPs)
             Began as a Gnoll Fire Elementalist on May 17, 2022.
             Slain by a gnoll
             ... wielding a +0 flail
             ... led by a gnoll shaman
              (3 damage)
             ... on level 3 of the Dungeon.
             The game lasted 00:05:07 (2689 turns).

Ijustatesigmund the Firebug (GnFE)                  Turns: 2689, Time: 00:05:08

Health: -2/37      AC:  5    Str:  7    XL:     5   Next: 57%
Magic:  2/12       EV: 13    Int: 16    God:
Gold:   785        SH:  0    Dex: 13    Spells: 11/14 levels left

rFire   + . .      SeeInvis .   f - +5 spear
rCold   x . .      Faith    .   (no shield)
rNeg    . . .      Spirit   .   a - +0 robe
rPois   .          Reflect  .   k - +0 helmet
rElec   .          Harm     .   (no cloak)
rCorr   .          Rampage  .   c - +1 pair of gloves
Will    .....                   (no boots)
Stlth   +++.......              (no amulet)
HPRegen 0.12/turn               m - ring of fire
MPRegen 0.13/turn               (no ring)

@: mighty, brilliant
A: fangs 1, strong nose, distributed training
a: no special abilities


You were on level 3 of the Dungeon.
You visited 1 branch of the dungeon, and saw 3 of its levels.

You collected 785 gold pieces.

Inventory:

Hand Weapons
 f - a +5 spear (weapon)
Armour
 a - a +0 robe (worn)
 c - a +1 pair of gloves (worn)
 k - a +0 helmet (worn)
Jewellery
 m - a ring of fire (left hand)
 n - a ring of see invisible
Potions
 b - a potion of magic
 d - 2 potions of brilliance
 g - a potion of haste {unknown}
 h - a potion of curing {unknown}
 i - a potion of flight {unknown}
 j - a potion of ambrosia {unknown}
 l - a potion of attraction {unknown}
 o - a potion of invisibility {unknown}
 p - a potion of heal wounds {unknown}


   Skills:
 + Level 1.5 Fighting
 + Level 1.5 Short Blades
 + Level 1.5 Long Blades
 + Level 1.5 Axes
 + Level 1.5 Maces & Flails
 + Level 1.5 Polearms
 + Level 1.5 Staves
 + Level 1.5 Slings
 + Level 1.5 Bows
 + Level 1.5 Crossbows
 + Level 1.5 Throwing
 + Level 1.5 Armour
 + Level 4.8 Dodging
 + Level 4.4 Stealth
 + Level 1.5 Shields
 + Level 1.5 Unarmed Combat
 + Level 5.2 Spellcasting
 + Level 2.4 Conjurations
 + Level 1.2 Hexes
 + Level 1.2 Summonings
 + Level 1.2 Necromancy
 + Level 1.2 Translocations
 + Level 1.2 Transmutations
 + Level 5.5 Fire Magic
 + Level 1.2 Ice Magic
 + Level 1.2 Air Magic
 + Level 1.2 Earth Magic
 + Level 1.2 Poison Magic
 + Level 1.7 Invocations
 + Level 1.5 Evocations


You had 11 spell levels left.
You knew the following spells:

 Your Spells              Type           Power      Damage    Failure   Level
a - Foxfire               Conj/Fire      100%       2x1d9     3%          1
b - Scorch                Fire           98%        2d10      2%          2

Your spell library contained the following spells:

 Spells                   Type           Power      Damage    Failure   Level
 Conjure Flame            Conj/Fire      38%        6-21      9%          3
 Inner Flame              Hex/Fire       34%        N/A       11%         3
 Flame Wave               Conj/Fire      38%        2d9       28%         4


Dungeon Overview and Level Annotations

Branches:
Dungeon (3/15)

Altars:


Innate Abilities, Weirdness & Mutations

You have very sharp teeth.
Your uncanny sense of smell can sniff out nearby items.
Your experience applies equally to all skills.


Message History

The gnoll's fire resistance burns away.
The gnoll shaman mumbles some strange prayers to its god.
The gnoll shaman is healed somewhat.
The gnoll shaman hits you with a +0 club!
You puncture the gnoll shaman!
You kill the gnoll shaman!
You barely miss the gnoll.
The gnoll is no longer more vulnerable to fire.
The gnoll hits you with a +0 club.
Unknown command.
It was a potion of brilliance.
You feel clever all of a sudden. The gnoll hits you with a +0 club.
You hit the gnoll but do no damage. The gnoll hits you but does no damage.
You puncture the gnoll!
The gnoll is heavily wounded.
The gnoll hits you with a +0 club.
* * * LOW HITPOINT WARNING * * *
You aren't carrying any scrolls.
It was a potion of might.
You feel very mighty all of a sudden. The gnoll hits you with a +0 club.
* * * LOW HITPOINT WARNING * * *
You puncture the gnoll!
You kill the gnoll!
You hit the gnoll. Your punch misses the gnoll.
The gnoll is moderately wounded.
The gnoll hits you with a +0 flail.
* * * LOW HITPOINT WARNING * * *
You barely miss the gnoll.
The gnoll is moderately wounded.
The gnoll barely misses you.
You hit the gnoll.
The gnoll is heavily wounded.
The gnoll hits you with a +0 flail.
* * * LOW HITPOINT WARNING * * *
You barely miss the gnoll.
The gnoll is heavily wounded.
The gnoll hits you with a +0 flail.
You die...

..#. ....# ..## .....
g). ..)..# #)###....# #
#>†...#.###
#.##.(..w....
#...w####.### ####g# ..
#@# # #..####.####.# #
#............#### ##
...................####.
######...########.......
#....))............
######...########.######
#.............# #
#.###...#####.#


You could see a worm and a gnoll.

Vanquished Creatures
  A gnoll shaman (D:3)
  7 gnolls (D:3)
  2 adders
  3 dart slugs
  A ball python (D:1)
  2 endoplasms
  5 giant cockroaches (D:1)
  4 goblins
  6 hobgoblins
  8 jackals
  4 kobolds
  4 quokkas
  6 bats
  A rat (D:2)
54 creatures vanquished.

Vanquished Creatures (others)
  78 foxfires
78 creatures vanquished.

Grand Total: 132 creatures vanquished

Notes
Turn   | Place    | Note
-------+----------+-------------------------------------------
     0 | D:1      | Ijustatesigmund the Gnoll Fire Elementalist began the quest
                  | for the Orb.
     0 | D:1      | Reached XP level 1. HP: 13/13 MP: 6/6
   270 | D:1      | Reached XP level 2. HP: 15/19 MP: 0/7
   273 | D:1      | Learned a level 2 spell: Scorch
   883 | D:1      | Reached XP level 3. HP: 20/25 MP: 2/9
   885 | D:1      | Reached skill level 5 in Spellcasting
  1227 | D:2      | Found a faded altar of an unknown god.
  1269 | D:2      | Reached skill level 1 in Invocations
  1522 | D:2      | Reached skill level 1 in Fighting
  1522 | D:2      | Reached skill level 1 in Short Blades
  1522 | D:2      | Reached skill level 1 in Long Blades
  1522 | D:2      | Reached skill level 1 in Axes
  1522 | D:2      | Reached skill level 1 in Maces & Flails
  1522 | D:2      | Reached skill level 1 in Polearms
  1522 | D:2      | Reached skill level 1 in Staves
  1522 | D:2      | Reached skill level 1 in Slings
  1522 | D:2      | Reached skill level 1 in Bows
  1522 | D:2      | Reached skill level 1 in Crossbows
  1522 | D:2      | Reached skill level 1 in Throwing
  1522 | D:2      | Reached skill level 1 in Armour
  1522 | D:2      | Reached skill level 1 in Shields
  1522 | D:2      | Reached skill level 1 in Unarmed Combat
  1522 | D:2      | Reached skill level 1 in Evocations
  1522 | D:2      | Reached XP level 4. HP: 18/32 MP: 11/11
  1709 | D:2      | Identified a scroll of acquirement
  1709 | D:2      | Acquired 679 gold pieces
  1735 | D:2      | Identified the +1 ring mail of the Pink Corner {Rampage
                  | Str+2}
  2398 | D:3      | Reached skill level 1 in Hexes
  2398 | D:3      | Reached skill level 1 in Summonings
  2398 | D:3      | Reached skill level 1 in Necromancy
  2398 | D:3      | Reached skill level 1 in Translocations
  2398 | D:3      | Reached skill level 1 in Transmutations
  2398 | D:3      | Reached skill level 1 in Ice Magic
  2398 | D:3      | Reached skill level 1 in Air Magic
  2398 | D:3      | Reached skill level 1 in Earth Magic
  2398 | D:3      | Reached skill level 1 in Poison Magic
  2663 | D:3      | Reached XP level 5. HP: 36/37 MP: 6/12
  2688 | D:3      | HP: 1/37 [gnoll/+0 flail[a gnoll shaman] (4)]
  2689 | D:3      | Slain by a gnoll

Illustrated notes

Levels and vault maps discovered:
D:1:      dpeg_cavernosity, layout_rooms, minmay_misc_feat_room
D:2:      layout_rooms, basic_ecumenical_altar
D:3:      layout_loops_ring, serial_shops, shop

Skill      XL: |  1  2  3  4 |
---------------+-------------+-----
Conjurations   | 2 |  2.4
Spellcasting   | 5 |  5.2
Invocations    | 1 |  1.7
Fighting       | 1 |  1.5
Short Blades   | 1 |  1.5
Long Blades    | 1 |  1.5
Axes           | 1 |  1.5
Maces & Flails | 1 |  1.5
Polearms       | 1 |  1.5
Staves         | 1 |  1.5
Slings         | 1 |  1.5
Bows           | 1 |  1.5
Crossbows      | 1 |  1.5
Throwing       | 1 |  1.5
Armour         | 1 |  1.5
Shields        | 1 |  1.5
Unarmed Combat | 1 |  1.5
Evocations     | 1 |  1.5
Hexes          | 1 |  1.2
Summonings     | 1 |  1.2
Necromancy     | 1 |  1.2
Translocations | 1 |  1.2
Transmutations | 1 |  1.2
Ice Magic      | 1 |  1.2
Air Magic      | 1 |  1.2
Earth Magic    | 1 |  1.2
Poison Magic   | 1 |  1.2
Dodging        | |  4.8
Stealth        | |  4.4
Fire Magic     | |  5.5

Action                   |  1- 3 |  4- 6 || total
-------------------------+-------+-------++-------
Melee: Hand axe          |    39 |       ||    39
       Bite              |     3 |       ||     3
       Spear             |       |    46 ||    46
       Punch             |       |     1 ||     1
 Cast: Foxfire           |    43 |     3 ||    46
       Scorch            |     9 |     5 ||    14
  Use: Scroll            |     4 |     5 ||     9
       Potion            |       |     2 ||     2
 Stab: Sleeping          |       |     2 ||     2
Armor: Robe              |    35 |     7 ||    42
Dodge: Dodged            |    70 |    28 ||    98

Table legend: (Time is in decaauts)
 A = Elapsed time spent in this place.
 B = Non-inter-level travel time spent in this place.
 C = Inter-level travel time spent in this place.
 D = Time resting spent in this place.
 E = Time spent auto-exploring this place.
 F = Levels seen in this place.
 G = Mean time per level.
                   A        B        C        D        E       F      G
               +--------+--------+--------+--------+--------+-----+--------+
         Total |   2702 |   2623 |     79 |    736 |   1511 |   3 |  900.7 |
       Dungeon |   2702 |   2623 |     79 |    736 |   1511 |   3 |  900.7 |
               +--------+--------+--------+--------+--------+-----+--------+

Top non-repeatable levels by time:
     D:1: 1233 daAuts
     D:2: 975 daAuts
     D:3: 493 daAuts
